Unix NetHack Version 5.0.0-0 post-release - last build May  4 2026 22:22:43 (774f63e81ad911689b3a0859ea89b322d5daca8d,branch:main).

Game began 2026-05-08 09:26:06, ended 2026-05-08 10:24:55.

246786432, neutral male human Barbarian

                                                 ----
                                               ---..------
                                              --......--.--
                                            --#..G.dddd...#
                                           -#..G....d@%.*#|
                                           -. --....---...|
                                              |.....| --.--
                                              --..---  ---
                                               ...
                                             -...
                                             ....
                                             -...
                                             ...
                                             --.
                                              |

246786432 the Pillager     St:18/02 Dx:16 Co:18 In:7 Wi:8 Ch:6  Neutral
Dlvl:4  $:40 HP:0(47) Pw:13(13) AC:10 Xp:4 T:1926 

Latest messages:
 The fox bites!
 You return to human form!
 The werejackal bites!
 You can't go up here.
 You can't go down here.
 Really step into that pit? [yn] (n) n
 You kill the fox!
 The werejackal summons help!
 A coyote suddenly appears next to you!
 A jackal suddenly appears next to you!
 A coyote suddenly appears next to you!
 A jackal suddenly appears close by!
 A fox suddenly appears close by!
 The werejackal bites!
 You can't go up here.
 What do you want to throw? [$otu or ?*] ?
 In what direction? 6
 The elven dagger misses the jackal.
 The coyote bites!
 The jackal bites!
 The coyote bites!
 The jackal bites!
 The werejackal bites!
 What do you want to throw? [$ou or ?*] ?
 In what direction? 6
 The dwarvish short sword misses the jackal.
 The coyote bites!
 The jackal bites!
 The coyote bites!
 The jackal bites!
 The werejackal bites!
 You can't go up here.
 You can't go down here.
 You kill the coyote!
 The coyote bites!
 The jackal bites!
 The jackal bites!
 The werejackal bites!
 Really step into that pit? [yn] (n) n
 You kill the jackal!
 The fox falls into a pit!
 The coyote bites!
 The jackal bites!
 The werejackal bites!
 You die...
 Do you want your possessions identified? [ynq] (y) y
 Do you want to see your attributes? [ynq] (y) y
 Do you want an account of creatures vanquished? [ynaq] (y) y
 Do you want to see your conduct and achievements? [ynq] (y) y
 Do you want to see the dungeon overview? [ynq] (y) y

Inventory:
 Coins    ('$')
  $ - 40 gold pieces
 Weapons  (')')
  u - a +0 elven bow
 Armor    ('[')
  p - an uncursed +0 dwarvish iron helm
 Comestibles  ('%')
  n - an uncursed partly eaten food ration
 Potions  ('!')
  l - an uncursed potion of object detection
  g - a cursed potion of paralysis
 Tools    ('(')
  c - an uncursed towel

246786432 the Barbarian's attributes:

Background:
 You were a Pillager, a level 4 male human Barbarian.
 You were neutral, on a mission for Crom
 who was opposed by Mitra (lawful) and Set (chaotic).
 You were right-handed.
 You were in the Gnomish Mines, on level 4.
 You entered the dungeon 1926 turns ago.
 You had 140 experience points, 20 more were needed to attain level 5.

Basics:
 You had 0 out of 47 hit points.
 You had all 13 energy points (spell power).
 Your armor class was 10.
 Your wallet contained 40 zorkmids.
 Autopickup was off.

Final Characteristics:
 Your strength was 18/02 (limit:18/100).
 Your dexterity was 16 (limit:18).
 Your constitution was 18 (limit:18).
 Your intelligence was 7 (limit:18).
 Your wisdom was 8 (limit:18).
 Your charisma was 6 (limit:18).

Final Status:
 You weren't hungry.
 You were unencumbered.
 You were bare handed.
 You had basic skill with bare handed combat.
 You weren't wearing any armor.

Final Attributes:
 You were devoutly aligned.
 You were poison resistant.
 You were level-drain resistant.
 You were a werejackal.
 You were harmed by silver.
 You were unlucky.
 Crom was angry with you.
 You are dead.

Miscellaneous:
 You didn't encounter any bones levels.
 Total elapsed playing time was 50 minutes and 36 seconds.

Major events:
 Turn
    1: 246786432 the neutral male human Barbarian entered the dungeon
  810: attained the rank of Pillager (level 3)
  898: entered the Gnomish Mines
 1926: killed by a werejackal

You didn't know any spells.

Skills:
 Fighting Skills
   bare handed combat [Basic]
   two weapon combat  [Unskilled]
   riding             [Unskilled]
 Weapon Skills
   dagger             [Unskilled]
   axe                [Basic]
   pick-axe           [Unskilled]
   short sword        [Unskilled]
   broadsword         [Unskilled]
   long sword         [Unskilled]
   two-handed sword   [Basic]
   saber              [Unskilled]
   club               [Unskilled]
   mace               [Unskilled]
   morning star       [Unskilled]
   flail              [Unskilled]
   hammer             [Unskilled]
   quarterstaff       [Unskilled]
   spear              [Unskilled]
   trident            [Unskilled]
   bow                [Unskilled]
 Spellcasting Skills
   attack spells      [Unskilled]
   escape spells      [Unskilled]

Voluntary challenges:
 Character rerolling was not enabled.
 You were illiterate.
 You never genocided any monsters.
 You never polymorphed an object.
 You used no wishes.
Achievements:
 You entered a shop.
 You attained the rank of Pillager.
 You entered the Gnomish Mines.

 The Dungeons of Doom: levels 1 to 3
    Level 1:
    Level 2:
    Level 3:
       A weapon shop, a fountain, a grave.
       Stairs down to The Gnomish Mines.
 The Gnomish Mines:
    Level 4: <- You were here.
       Final resting place for
          you, killed by a werejackal.


Vanquished creatures:
  a gnome leader
  2 dwarves
  2 iguanas
 an acid blob
  a coyote
  a hobbit
  a large kobold
  a cave spider
  5 gnomes
  4 geckos
  6 jackals
  4 foxes
  a kobold
  a sewer rat
  4 grid bugs
  4 lichens
  2 kobold zombies
  2 newts
43 creatures vanquished.

No species were genocided or became extinct.

Game over:
                       ----------
                      /          \
                     /    REST    \
                    /      IN      \
                   /     PEACE      \
                  /                  \
                  |    246786432     |
                  |      40 Au       |
                  |   killed by a    |
                  |    werejackal    |
                  |                  |
                  |                  |
                  |       2026       |
                 *|     *  *  *      | *
        _________)/\\_//(\/(/\)/\//\/|_)_______

Goodbye 246786432 the Barbarian...

You died in The Gnomish Mines on dungeon level 4 with 746 points,
and 40 pieces of gold, after 1926 moves.
You were level 4 with a maximum of 47 hit points when you died.

